Unix NetHack Version 3.7.0-70 Work-in-progress - last build Jan 20 2023 13:47:53 (416de4da9be3a1557180d233d1398bca634ded6a,branch:master). Game began 2023-01-20 15:22:13, ended 2023-02-06 22:12:46. youngster, neutral male human Healer ------- #......| --------- #|.>...| |........# #|..q@.| |.......|########### #---|--- |.......|# -----|-- # H## --------- |<.....| # # |......| # # |......-## ------ # # |...---- ## |.))[| ### # |...| # |).)%| # ## ###0 # # # #-...| ###)#).)...| ---------.-## -.--------.-.--- # ##--.-- |.)%.| |)))|[..|.|# |..............| ##### # |.%.)| |().|[(.-.|# |..............-#### # ------ |...|.[.|.|# |..............| #------|-- |-|------.|# |.......)......| #[.......| |.........-# ---------------- |.......| ----------- |.......| --------- Youngster the Embalmer St:17 Dx:9 Co:17 In:10 Wi:18 Ch:17 Neutral Dlvl:17 $:0 HP:0(84) Pw:78(90) AC:-2 Xp:9/3445 T:18777 Burdened Latest messages: Status of Crazy Diamond (lawful): Level 25 HP 200(200) AC -7, tame, fast, invisible. Really save? [yn] (n) Saving... Restoring save file... Hello youngster, the human Healer, welcome back to NetHack! You are lucky! Full moon tonight. Your movements are slowed slightly because of your load. What do you want to use or apply? [acejmrvKM or ?*] Your lamp is now off. What do you want to put on? [j or ?*] You are now wearing a towel named tele cld around your head. You can't see any more. What do you want to take off? [bdgl or ?*] You were wearing an uncursed towel named tele cld. You can see again. You hear the footsteps of a guard on patrol. What do you want to use or apply? [acejmrvKM or ?*] Your lamp is now on. What do you want to use or apply? [acejmrvKM or ?*] In what direction? You hear a hollow sound. This must be a secret door! What do you want to use or apply? [acejmrvKM or ?*] Your lamp is now off. The door resists! The door opens. The leocrotta hits! The leocrotta bites! The leocrotta hits! Pick an object. e an eye or sphere (flaming sphere) You stop. Invisible Crazy Diamond is in the way! The leocrotta hits! The leocrotta bites! The leocrotta hits! The leocrotta misses! The leocrotta bites! The leocrotta hits! The leocrotta hits! The leocrotta bites! The leocrotta hits! What do you want to zap? [M or ?*] In what direction? You materialize in a different location! The flaming sphere explodes at a spot in thin air! Boom! The leocrotta is caught in the flaming sphere's explosion! You are caught in the flaming sphere's explosion! Your gloves smoulder further! Your lamp catches light! The flaming sphere's explosion is fatal. Inventory: Weapons (')') N - an uncursed +0 scalpel named P17253 t - an uncursed +0 aklys Armor ('[') d - a blessed +1 dwarvish iron helm (being worn) b - an uncursed very burnt +1 pair of leather gloves (being worn) g - an uncursed +0 pair of elven boots (being worn) l - an uncursed burnt rotted +1 cloak of displacement (being worn) F - an uncursed +0 dwarvish mithril-coat (being worn) Comestibles ('%') R - an uncursed clove of garlic named P15850 B - an uncursed sprig of wolfsbane k - an uncursed lizard corpse Wands ('/') M - an uncursed wand of teleportation named Z3 (0:2) Tools ('(') m - an uncursed bag of holding named carry-on luggage containing 74 items v - an uncursed magic whistle r - an uncursed oil lamp (lit) e - an uncursed skeleton key c - an uncursed stethoscope j - an uncursed towel named tele cld a - an uncursed +0 unicorn horn (weapon in hands) Gems/Stones ('*') K - an uncursed luckstone Contents of the bag of holding named carry-on luggage: 6945 gold pieces a cursed amulet of unchanging named c? an uncursed +0 dwarvish mattock an uncursed +0 pair of elven boots an uncursed +0 mummy wrapping a cursed -1 oilskin cloak a blessed burnt +0 Hawaiian shirt with a flamingo motif 2 uncursed slime mold. You die...'s an uncursed banana 2 uncursed carrots an uncursed eucalyptus leaf 2 uncursed food rations 8 uncursed food rations 8 uncursed food rations 2 uncursed fortune cookies 2 uncursed fortune cookies 29 uncursed meatballs 2 uncursed oranges an uncursed lizard corpse a blessed scroll of blank paper 10 uncursed scrolls of blank paper a cursed scroll of blank paper a cursed scroll of create monster an uncursed scroll of destroy armor 2 uncursed scrolls of earth an uncursed scroll of enchant weapon an uncursed scroll of identify a cursed scroll of light an uncursed scroll of remove curse an uncursed scroll of taming an uncursed scroll of teleportation a cursed scroll of teleportation an uncursed spellbook of detect food an uncursed spellbook of haste self an uncursed spellbook of light an uncursed potion of extra healing an uncursed potion of full healing a cursed potion of healing 2 uncursed potions of object detection an uncursed potion of restore ability a potion of holy water an uncursed ring of aggravate monster a cursed ring of aggravate monster named 150 an uncursed ring of conflict named conflict an uncursed ring of free action an uncursed ring of invisibility a cursed -1 ring of protection named c? an uncursed ring of protection from shape changers an uncursed ring of searching named 200 an uncursed ring of shock resistance an uncursed ring of slow digestion named 200 an uncursed ring of sustain ability an uncursed wand of create monster (0:14) a cursed wand of create monster (0:10) an uncursed wand of lightning named z3 (0:2) an uncursed wand of polymorph named z1 (0:2) an uncursed wand of sleep (0:0) an uncursed wand of slow monster (0:6) an uncursed wand of slow monster named slow (polyfodder) (0:5) a blessed wand of striking (0:7) an uncursed wand of striking (0:2) an uncursed wand of teleportation named z5 (0:1) an uncursed wand of undead turning (0:7) an uncursed wand of undead turning (0:4) an uncursed bugle an uncursed fluorite stone an uncursed worthless piece of black glass an uncursed worthless piece of blue glass an uncursed worthless piece of green glass an uncursed worthless piece of red glass 2 uncursed worthless pieces of violet glass 4 uncursed worthless pieces of white glass 4 uncursed worthless pieces of yellow glass 3 uncursed worthless pieces of yellowish brown glass Youngster the Healer's attributes: Background: You were an Embalmer, a level 9 male human Healer. You were neutral, on a mission for Hermes who was opposed by Athena (lawful) and Poseidon (chaotic). You were in the Dungeons of Doom, on level 17. You entered the dungeon 18777 turns ago. It was nighttime. There was a full moon in effect when your adventure ended. You had 3445 experience points, 1675 more were needed to attain level 10. Basics: You had 0 out of 84 hit points. You had 78 out of 90 energy points (spell power). Your armor class was -2. Your wallet was empty, but you had 6945 zorkmids stashed away in your pack. Autopickup was on for '$?!"=/*' plus thrown, with exceptions. Final Characteristics: Your strength was 17 (limit:18/100). Your dexterity was 9 (limit:18). Your constitution was 17 (limit:18). Your intelligence was 10 (limit:18). Your wisdom was 18 (limit:18). Your charisma was 17 (limit:18). Final Status: You were not hungry. You were burdened; movement was slightly slowed. You were wielding a unicorn horn. You were skilled in unicorn horn. Final Attributes: You were piously aligned. You were cold resistant. You were poison resistant. You saw invisible. You were telepathic. You were displaced. You were stealthy. You were guarded. You were lucky. You had extra luck. Bad luck did not time out for you. Good luck did not time out for you. Hermes was angry with you. You are dead. Miscellaneous: You never encountered a bones level. Total elapsed playing time was 7 hours, 25 minutes and 14 seconds. Major events: Turn 1: youngster the neutral male human Healer entered the dungeon 2920: entered the Gnomish Mines 5203: attained the rank of Empiric (level 3) 5857: attained the rank of Embalmer (level 6) 7328: was bestowed with Giantslayer by Hermes 9609: killed the Oracle 10659: entered Sokoban 11108: completed 1st Sokoban level 11864: completed 2nd Sokoban level 12510: completed 3rd Sokoban level 13783: completed 4th Sokoban level 14341: acquired the Sokoban bag of holding 18640: performed his first genocide (disenchanters) 18777: burned by a flaming sphere's explosion Vanquished creatures: a titanothere a baby orange dragon 2 shopkeepers the Oracle a lieutenant a ghost 3 giant mimics a rock troll an elven monarch a stalker an earth elemental a water elemental a xorn 2 wargs a winter wolf 5 small mimics a glass piercer a warhorse an ettin mummy 3 ogre leaders 4 quantum mechanics 2 wood golems 2 gelatinous cubes a pyrolisk a large dog a freezing sphere 4 flaming spheres a shocking sphere a large cat 6 gargoyles 2 tengu an ochre jelly 2 leocrottas 2 stone giants 2 elf mummies a human mummy 3 pythons a pit viper a wraith an ettin zombie a Grey-elf a chameleon a crocodile 2 giant beetles 2 quivering blobs 4 cockatrices 3 winter wolf cubs 3 lynxes 2 panthers a gremlin a spotted jelly 5 leprechauns 3 orc-captains a mumak a giant spider 3 ice vortices a black light 6 vampire bats 3 gnome rulers an orc mummy 2 ogres 2 brown puddings an owlbear a gold golem 6 lizards a chickatrice a dingo 2 dogs 5 housecats 2 jaguars 2 dwarf leaders a blue jelly a white unicorn a black unicorn a dust vortex 3 ravens 3 plains centaurs a snake 4 apes 3 human zombies 2 rope golems 2 Woodland-elves a soldier ant 4 bugbears 2 imps 6 quasits 4 wood nymphs 2 water nymphs a mountain nymph 12 Mordor orcs 10 Uruk-hai 3 orc shamans 2 rock piercers 2 rock moles a pony a fog cloud 3 yellow lights 3 shriekers a violet fungus 8 gnome leaders a gnomish wizard a gray ooze a barrow wight a straw golem 3 paper golems 4 giant ants 3 little dogs 7 floating eyes 2 kittens 8 dwarves 2 kobold leaders 18 hill orcs a rothe 5 rabid rats 2 giant bats a dwarf zombie 2 wererats 2 werejackals 10 iguanas 23 killer bees 2 acid blobs 8 coyotes 3 gas spores 4 hobbits 2 manes 2 large kobolds 11 hobgoblins 10 giant rats 3 cave spiders 2 brown molds 4 yellow molds a green mold 5 red molds 18 gnomes 6 garter snakes 13 geckos 9 jackals 3 foxes 3 kobolds 5 goblins 5 sewer rats 14 grid bugs 3 bats 13 lichens 4 kobold zombies 7 newts 484 creatures vanquished. Genocided species: disenchanters 1 species genocided. Voluntary challenges: You read items or engraved 63 times. You engraved Elbereth 39 times. You genocided 1 type of monster. You never changed form. You used no wishes. You did not violate any of the special Sokoban rules. Achievements: You entered a shop. You entered the Gnomish Mines. You attained the rank of Empiric. You attained the rank of Embalmer. You entered Sokoban. You completed Sokoban. You entered a temple. The Dungeons of Doom: levels 1 to 20 Level 1: Some fountains, a grave. Level 2: A fountain. Level 3: A general store, a fountain. Level 4: "stash" A general store, a grave. Stairs down to The Gnomish Mines. Level 5: Level 6: "stash" Some fountains. Level 7: Level 8: Many fountains. Oracle of Delphi. Level 9: Stairs up to Sokoban, level 8. Level 10: "Federal Reserve" A fountain. Level 11: Many fountains, a grave. Level 12: Level 13: A temple to Hermes, a fountain. Level 14: Summoned by Hippocrates. Level 15: Level 16: Level 17: <- You were here. Some shops. Final resting place for you, burned by a flaming sphere's explosion. Level 18: A primitive area. Level 19: Level 20: The Gnomish Mines: levels 5 to 9 Level 5: Level 6: Level 7: An altar to Hermes, some fountains. Level 8: Level 9: Sokoban: levels 8 up to 5 Level 5: Solved. Level 6: Solved. Level 7: Solved. Level 8: Solved. Game over: ---------- / \ / REST \ / IN \ / PEACE \ / \ | youngster | | 6945 Au | | burned by a | | flaming sphere's | | explosion | | | | 2023 | *| * * * | * _________)/\\_//(\/(/\)/\//\/|_)_______ Goodbye youngster the Healer... You burned in The Dungeons of Doom on dungeon level 17 with 27883 points, and 6945 pieces of gold, after 18777 moves. You were level 9 with a maximum of 84 hit points when you burned.